 Dungeon Crawl Stone Soup version 0.29.1-15-g9cfb28693d (webtiles) character file.

Game seed: 5036897841539714101

30629 Henri the Tainter (level 13, -8/95 HPs)
             Began as an Octopode Venom Mage on Apr 14, 2023.
             Was an Initiate of Gozag.
             Shot with an arrow by a centaur warrior (28 damage)
             ... on level 14 of the Dungeon on Apr 15, 2023.
             The game lasted 01:51:33 (31167 turns).

Henri the Tainter (Octopode Venom Mage)            Turns: 31167, Time: 01:51:34

Health: -8/95      AC:  1    Str: 17    XL:     13   Next: 52%
Magic:  16/20      EV: 21    Int: 21    God:    Gozag
Gold:   939        SH:  0    Dex: 19    Spells: 9/22 levels left

rFire   . . .      SeeInvis +   s - +7 dagger of Tubb {freeze, Str+3 Dex+4 SInv}
rCold   + . .      Faith    .   (no shield)
rNeg    + + .      Spirit   .   (helmet restricted)
rPois   +          Reflect  .   l - amulet of the Four Winds {rN+ Will+++ Clar}
rElec   .          Harm     .   f - ring "Jakhlesecw" {Ice rPois Dex+2}
rCorr   .          Rampage  .   k - ring of protection from cold
Will    ++++.      Clarity  +   I - ring of fire
Stlth   ++++......              N - ring of positive energy
HPRegen 0.25/turn               j - ring of see invisible
MPRegen 0.17/turn               p - ring of willpower
                                q - +6 ring of strength
                                (no ring)

@: studying Hexes
A: almost no armour, amphibious, 8 rings, camouflage 1, gelatinous body 1,
(nimble swimmer 1), tentacles
a: Renounce Religion, Potion Petition, Call Merchant, Bribe Branch


You were on level 14 of the Dungeon.
You worshipped Gozag.
Gozag was pleased with you.
You visited 4 branches of the dungeon, and saw 19 of its levels.
You also visited: Sewer and Ice Cave.

You collected 3667 gold pieces.
You spent 1031 gold pieces at shops.
You paid 1697 gold pieces to Gozag.

Inventory:

Hand Weapons
 e - the +7 whip of Rafecs {vorpal, rPois rC+ Str+3 Stlth+}
   (You took it off an orc on level 11 of the Dungeon)

   It inflicts extra damage upon your enemies.
   Str:       It affects your strength (+3).
   rC:        It protects you from cold.
   rPois:     It protects you from poison.
   Stlth:     It makes you more stealthy.
 s - the +7 dagger of Tubb (weapon) {freeze, Str+3 Dex+4 SInv}
   (You found it on level 13 of the Dungeon)

   It freezes those it strikes, dealing additional cold damage.
   It can also slow down cold-blooded creatures.
   Str:       It affects your strength (+3).
   Dex:       It affects your dexterity (+4).
   SInv:      It lets you see invisible.
 O - the +2 spear of Exoneration {pain, rElec rF+}
   (You found it on level 9 of the Dungeon)

   In the hands of one skilled in necromantic magic, it inflicts extra damage on
   living creatures.
   rF:        It protects you from fire.
   rElec:     It insulates you from electricity.
Missiles
 z - a throwing net
 A - 15 poisoned darts
 M - a curare-tipped dart
Armour
 w - a +0 tower shield
Jewellery
 f - the ring "Jakhlesecw" (left tentacle) {Ice rPois Dex+2}
   (You found it on level 2 of the Dungeon)

   [ring of ice]

   It enhances your ice magic.
   Dex:       It affects your dexterity (+2).
   rF:        It makes you vulnerable to fire.
   rC:        It protects you from cold.
   rPois:     It protects you from poison.
 j - a ring of see invisible (on tentacle)
 k - a ring of protection from cold (right tentacle)
 l - the amulet of the Four Winds (around mantle) {rN+ Will+++ Clar}
   (You bought it in a shop on level 10 of the Dungeon)

   [amulet of nothing]

   rN:        It protects you from negative energy.
   Clar:      It protects you against confusion.
   Will:      It greatly increases your willpower.
 p - a ring of willpower (on tentacle)
 q - a +6 ring of strength (on tentacle)
 I - a ring of fire (on tentacle)
 N - a ring of positive energy (on tentacle)
Wands
 c - a wand of mindburst (5)
 m - a wand of iceblast (31)
 u - a wand of flame (34)
 F - a wand of digging (9)
Scrolls
 b - 8 scrolls of teleportation
 d - a scroll of enchant weapon
 g - 2 scrolls of identify
 o - 5 scrolls of fear
 t - a scroll of enchant armour
 x - a scroll of poison
 G - a scroll of brand weapon
 H - a scroll of vulnerability
 K - a scroll of immolation {unknown}
Potions
 a - 2 potions of magic
 h - 3 potions of cancellation
 i - 5 potions of flight
 r - 8 potions of curing
 C - 4 potions of might
 L - 2 potions of ambrosia
 Q - 4 potions of brilliance
Miscellaneous
 n - a phial of floods


   Skills:
 + Level 11.6 Fighting
 + Level 11.5 Dodging
 - Level 5.0 Stealth
 - Level 5.0 Spellcasting
 - Level 5.0 Conjurations
 + Level 5.5 Transmutations
 - Level 5.0 Fire Magic
 + Level 14.6 Poison Magic


You had 9 spell levels left.
You knew the following spells:

 Your Spells              Type           Power      Damage    Failure   Level
a - Sting                 Tmut/Pois      100%       1d8       1%          1
b - Poisonous Vapours     Pois/Air       72%        N/A       1%          2
c - Mephitic Cloud        Conj/Pois/Air  32%        N/A       2%          3
d - Olgreb's Toxic Radia  Pois           61%        N/A       1%          4
e - Foxfire               Conj/Fire      100%       2x1d9     1%          1
f - Scorch                Fire           78%        2d9       1%          2

Your spell library contained the following spells:

 Spells                   Type           Power      Damage    Failure   Level
 Conjure Flame            Conj/Fire      39%        6-21      4%          3
 Alistair's Intoxication  Tmut/Pois      31%        N/A       4%          5
 Passwall                 Tmut/Erth      13%        N/A       5%          2
 Static Discharge         Conj/Air       15%        3-5/arc   6%          2
 Apportation              Tloc           10%        N/A       11%         1
 Freeze                   Ice            28%        1d5       11%         1
 Summon Small Mammal      Summ           20%        N/A       11%         1
 Inner Flame              Hex/Fire       23%        N/A       12%         3
 Flame Wave               Conj/Fire      39%        2d11      14%         4
 Blink                    Tloc           10%        N/A       16%         2
 Ensorcelled Hibernation  Hex/Ice        14%        N/A       16%         2
 Blade Hands              Tmut           14%        N/A       30%         5
 Frozen Ramparts          Ice            14%        1d3       32%         3
 Lesser Beckoning         Tloc           5%         N/A       32%         3
 Swiftness                Air            5%         N/A       32%         3
 Irradiate                Conj/Tmut      13%        3d16      34%         5
 Hailstorm                Conj/Ice       23%        3d7       36%         4
 Airstrike                Air            2%         2d(1-17)  71%         4
 Summon Ice Beast         Ice/Summ       7%         N/A       71%         4
 Summon Lightning Spire   Summ/Air       5%         N/A       71%         4
 Lightning Bolt           Conj/Air       7%         1d20      71%         5
 Manifold Assault         Tloc           5%         N/A       96%         5
 Statue Form              Tmut/Erth      10%        N/A       99%         6
 Summon Cactus Giant      Summ           2%         N/A       100%        6
 Dragon Form              Tmut           14%        N/A       100%        7
 Maxwell's Capacitive Co  Air            2%         ∞         100%        8
 Dragon's Call            Summ           2%         N/A       100%        9


Dungeon Overview and Level Annotations

Branches:
Dungeon (14/15)            Temple (1/1) D:6            Lair (3/5) D:10
  Swamp (0/4) Lair:2       Spider (0/4) Lair:3          Orc (1/2) D:10
  Sewer (visited)           IceCv (visited)
 Vaults: D:13-14

Altars:
Ashenzari
Cheibriados
Dithmenos
Elyvilon
Fedhas
Gozag
Hepliaklqana
Kikubaaqudgha
Makhleb
Nemelex Xobeh
Okawaru
Qazlal
Ru
Sif Muna
Trog
Uskayaw
Vehumet
Wu Jian
Xom
Yredelemnul
Zin
The Shining One

Shops:
D:4 (   D:7 *   D:10 =*

Portals:
Trove: D:12 (give +7 demon trident)

Annotations:
D:13 Rupert


Innate Abilities, Weirdness & Mutations

You cannot wear most types of armour.
You are amphibious.
You can wear up to eight rings at the same time.
Your skin changes colour to match your surroundings (Stealth+).
Your rubbery body absorbs attacks. (AC +1, EV +1)
((You are camouflaged when in or above water. (Stealth+)))
You have tentacles for arms and can constrict up to eight enemies at once.


Message History

As you read the scroll of fear, it crumbles to dust.
You assume a fearsome visage.
The centaur warrior looks frightened!
The centaur looks frightened! x3
The eight-headed hydra looks frightened!
Unknown command.
Casting: Foxfire (safe; 1% risk of failure)
Confirm with . or Enter, or press ? or * to list all spells.
You begin to radiate toxic energy.
Your attack snaps the centaur warrior out of its fear.
The centaur warrior is poisoned.
Your attack snaps the centaur out of its fear.
The centaur is poisoned.
Your attack snaps the centaur out of its fear.
The centaur is poisoned.
Your attack snaps the centaur out of its fear.
The centaur is poisoned.
The centaur looks even sicker.
The centaur warrior shoots an arrow.
The arrow misses you.
Unknown command.
You feel much better.
The centaur warrior looks even sicker.
The centaur looks even sicker.
The centaur shoots an arrow.
The arrow hits you!
The centaur warrior shoots an arrow.
The arrow completely misses you.
Unknown command.
The centaur warrior looks even sicker.
The centaur looks even sicker. x2
The centaur shoots an arrow.
The arrow closely misses you.
The centaur warrior shoots an arrow.
The arrow hits you!!
* * * LOW HITPOINT WARNING * * *
The centaur shoots an arrow.
The arrow closely misses you.
The centaur warrior shoots an arrow.
The arrow completely misses you.
The centaur shoots an arrow.
The arrow closely misses you.
The centaur warrior looks as sick as possible!
The centaur looks as sick as possible! x2
Your toxic aura wanes.
The centaur shoots an arrow.
The arrow completely misses you.
Unknown command.
The centaur shoots an arrow.
The arrow hits you.
* * * LOW HITPOINT WARNING * * *
The centaur shoots an arrow.
The arrow misses you.
The centaur warrior shoots an arrow.
The arrow hits you!!
You die...
Your body crumbles into a pile of gold.

#.)...).....#....#.......
#...........#....#.......
#...........#...)###..... ##
#.9.........#......#..... #.
#...........#......# #...#.
###...........#......# #...#.
.........######......# #...#.
.....<...#...........#### #...#.
.........#...<..@...cc..# #...#.
.........#...........c..####...#.
.........#...........c.........##
.........#..).)##########........
.........#.....#........#........
.#'#####.#.....#........#.....###
[#.....#.#.....#........#.....#
.#.....#.#.....###'##'###.....#
.'.....#.#....................#


You could see a centaur warrior (extremely poisoned) and 3 centaurs.

Vanquished Creatures
  Snorg (D:10)
  2 centaur warriors
  4 two-headed ogres
  Erica (D:8)
  2 death yaks (IceCv)
  A deep elf pyromancer (D:14)
  An orc sorcerer (Orc:1)
  A manticore (D:12)
  2 cyclopes
  A black mamba (Lair:3)
  A torpor snail (Lair:2)
  A rime drake (Lair:1)
  3 cane toads
  3 komodo dragons
  3 unseen horrors
  A tengu conjurer (D:13)
  2 tyrant leeches (Lair:2)
  2 trolls
  2 hornets
  6 polar bears (IceCv)
  2 slime creatures (D:12)
  5 blink frogs (Lair:2)
  A shadow (D:11)
  A wyvern (D:9)
  A human (D:14)
  3 basilisks
  3 wraiths
  34 yaks
  4 vampire mosquitoes (D:14)
  5 wargs (D:10)
  An acid dragon (D:13)
  4 water moccasins
  A swamp worm (Lair:2)
  2 black bears (D:10)
  2 ice beasts
  10 orc warriors
  A sky beast (D:7)
  7 ogres
  15 wolves
  4 centaurs
  A phantom (D:4)
  2 kobold brigands (D:7)
  2 necrophages (D:6)
  3 scorpions
  7 bullfrogs
  5 wights (D:10)
  10 killer bees
  5 howler monkeys
  3 gnoll boudas
  8 hounds
  9 orc priests
  3 jellies
  An iguana (D:5)
  10 orc wizards
  2 polar bear simulacra (Lair:3)
  3 wolf simulacra (Lair:3)
  20 gnolls
  12 adders
  5 river rats (Sewer)
  A shadow imp (D:6)
  A white imp (D:7)
  3 ufetubi
  4 worms
  31 orcs
  6 endoplasms
  4 giant cockroaches
  10 goblins
  11 hobgoblins
  7 jackals
  11 kobolds
  7 quokkas
  3 training dummies (D:4)
  13 ball pythons
  14 bats
  7 frilled lizards
  2 rats (D:1)
  2 bushes (D:1)
  A butterfly (D:4)
  A foxfire (D:14)
396 creatures vanquished.

Vanquished Creatures (collateral kills)
  A death yak (IceCv)
  An ice statue (IceCv)
2 creatures vanquished.

Vanquished Creatures (others)
  11 foxfires (D:14)
  23 fungi
  73 plants
107 creatures vanquished.

Grand Total: 505 creatures vanquished

Notes
Turn   | Place    | Note
-------+----------+-------------------------------------------
     0 | D:1      | Henri the Octopode Venom Mage began the quest for the Orb.
     0 | D:1      | Reached XP level 1. HP: 11/11 MP: 3/3
   184 | D:1      | Reached XP level 2. HP: 14/18 MP: 0/5
   187 | D:1      | Learned a level 2 spell: Poisonous Vapours
   287 | D:1      | Reached skill level 4 in Poison Magic
   692 | D:1      | Reached skill level 1 in Fighting
   692 | D:1      | Reached XP level 3. HP: 23/23 MP: 6/6
  2228 | D:2      | Identified the ring "Jakhlesecw" {Ice rPois Dex+2}
  3007 | D:2      | Reached XP level 4. HP: 20/28 MP: 4/7
  3337 | D:3      | Reached skill level 5 in Poison Magic
  4084 | D:3      | Learned a level 3 spell: Mephitic Cloud
  4204 | D:3      | Reached XP level 5. HP: 28/34 MP: 0/8
  4291 | D:3      | Noticed an ice beast
  4950 | D:3      | Found a faded altar of an unknown god.
  4953 | D:3      | Found an opulent altar of Gozag.
  5658 | D:4      | Found a shimmering altar of Xom.
  5680 | D:4      | Reached skill level 6 in Poison Magic
  5873 | D:4      | Reached XP level 6. HP: 41/41 MP: 2/9
  5878 | D:4      | Reached skill level 5 in Stealth
  6233 | D:4      | Reached skill level 1 in Conjurations
  6432 | D:4      | Found a blossoming altar of Fedhas.
  6438 | D:4      | Found a shadowy altar of Dithmenos.
  6443 | D:4      | Found a radiant altar of Vehumet.
  6550 | D:4      | Reached XP level 7. HP: 46/46 MP: 1/10
  6555 | D:4      | Learned a level 4 spell: Olgreb's Toxic Radiance
  6582 | D:4      | Found Vung's Firing Range.
  6820 | D:4      | You fall into a shaft and drop 2 floors!
  7043 | D:5      | Entered Level 5 of the Dungeon
  7076 | D:5      | Found a glowing drain.
  7091 | Sewer    | Entered a sewer
  7190 | Sewer    | Reached skill level 7 in Poison Magic
  8798 | D:5      | Reached XP level 8. HP: 50/54 MP: 11/11
  9551 | D:3      | Became a worshipper of Gozag Ym Sagoz the Greedy
 10207 | D:6      | Reached skill level 8 in Poison Magic
 10426 | D:6      | Reached skill level 5 in Fighting
 10530 | D:6      | Found a staircase to the Ecumenical Temple.
 11023 | Temple   | Entered the Ecumenical Temple
 11356 | D:7      | Reached skill level 5 in Dodging
 11360 | D:7      | Reached XP level 9. HP: 61/61 MP: 2/12
 11657 | D:7      | Found Cosk's Elemental Accessories.
 12241 | D:7      | Reached skill level 5 in Conjurations
 12472 | D:7      | Reached skill level 9 in Poison Magic
 13049 | D:8      | Noticed a hornet
 13194 | D:8      | Noticed Erica
 13333 | D:8      | Killed Erica
 13334 | D:8      | Reached XP level 10. HP: 35/69 MP: 10/13
 13599 | D:8      | Reached skill level 10 in Poison Magic
 13728 | D:8      | Noticed a two-headed ogre
 13773 | D:8      | Killed a two-headed ogre
 13925 | D:8      | Found a broken altar of Ashenzari.
 14289 | D:9      | HP: 2/71 [wraith (9)]
 14581 | D:9      | Got the Treatise on Shaping and Invitation
 14613 | D:9      | Found a sacrificial altar of Ru.
 14613 | D:9      | Found a glowing golden altar of the Shining One.
 14618 | D:9      | Found a snail-covered altar of Cheibriados.
 14620 | D:9      | Found a glowing silver altar of Zin.
 14621 | D:9      | Found a shimmering blue altar of Sif Muna.
 14724 | D:9      | Learned a level 2 spell: Scorch
 14748 | D:9      | Identified the +2 spear of Exoneration {pain, rElec rF+}
 15114 | D:10     | Entered Level 10 of the Dungeon
 15245 | D:10     | Found a staircase to the Lair.
 15258 | D:10     | Reached skill level 5 in Transmutations
 15522 | D:10     | Reached skill level 1 in Fire Magic
 15537 | D:10     | Reached skill level 11 in Poison Magic
 15545 | D:10     | Reached XP level 11. HP: 77/77 MP: 9/14
 16308 | D:10     | Found a staircase to the Orcish Mines.
 18225 | D:11     | Identified the +7 whip of Rafecs {vorpal, rPois rC+ Str+3
                  | Stlth+}
 18421 | D:11     | Noticed a two-headed ogre
 18455 | D:11     | Killed a two-headed ogre
 19933 | D:12     | Noticed a two-headed ogre
 20328 | D:12     | Killed a two-headed ogre
 20329 | D:12     | Reached skill level 12 in Poison Magic
 20404 | D:12     | Found a portal to a secret trove of treasure.
 21309 | Lair:1   | Entered Level 1 of the Lair of Beasts
 21620 | Lair:1   | Reached skill level 5 in Fire Magic
 21745 | Lair:1   | Reached XP level 12. HP: 86/86 MP: 10/15
 22523 | Lair:2   | Noticed an eight-headed hydra
 23058 | Lair:2   | Noticed a five-headed hydra
 23689 | Lair:2   | Found a staircase to the Swamp.
 23714 | Lair:2   | Reached skill level 10 in Fighting
 23737 | Lair:2   | Reached skill level 10 in Dodging
 23929 | Lair:2   | Found a hide-covered altar of Uskayaw.
 23973 | Lair:2   | Noticed an eight-headed hydra
 24383 | Lair:3   | Found a frozen archway.
 24426 | Lair:3   | Reached skill level 13 in Poison Magic
 24443 | IceCv    | Entered an ice cave
 25982 | IceCv    | Noticed a death yak
 26116 | IceCv    | Killed a death yak
 26260 | IceCv    | Noticed a death yak
 26261 | IceCv    | Noticed a death yak
 26609 | IceCv    | Killed a death yak
 26801 | IceCv    | Reached XP level 13. HP: 81/94 MP: 18/20
 26928 | IceCv    | HP: 4/94 [ironbound frostheart/creeping frost (30)]
 26944 | IceCv    | Reached skill level 5 in Spellcasting
 26946 | IceCv    | Reached skill level 14 in Poison Magic
 27631 | D:10     | Bought the amulet of the Four Winds {rN+ Will+++ Clar} for
                  | 1031 gold pieces
 27631 | D:10     | Found the amulet of the Four Winds {rN+ Will+++ Clar}
 27705 | Orc:1    | Entered Level 1 of the Orcish Mines
 27705 | Orc:1    | Noticed Snorg
 28519 | D:13     | Noticed Rupert
 28822 | D:10     | Killed Snorg
 29003 | Orc:1    | Noticed an orc warlord
 29501 | D:13     | Identified the +7 dagger of Tubb {freeze, Str+3 Dex+4 SInv}
 30894 | D:14     | Learned a level 1 spell: Foxfire
 31167 | D:14     | Shot with an arrow by a centaur warrior

Illustrated notes

Levels and vault maps discovered:
D:1:      spicycebolla_arrival_risky_transporter, layout_loops_ring,
          serial_forest, infiniplex_forest_clump_long,
          infiniplex_forest_clump_medium, infiniplex_forest_lined_room_3,
          infiniplex_forest_end_2, infiniplex_forest_lined_room_3,
          infiniplex_forest_clump_tiny, infiniplex_forest_diagonal,
          infiniplex_forest_end_1, minmay_tromino_v7
D:2:      layout_loops_ring, chequers_jeans,
          hangedman_abyss_or_decor_lesser_grid
D:3:      layout_basic, nicolae_overflow_ecumenical_swirl
D:4:      minmay_evil_eye, layout_basic, xom_butterflies,
          minmay_overflow_temple_star_quad, nicolae_shop_firing_range
D:5:      layout_gridville, cheibrodos_sewer_entry_bend
D:6:      layout_loops_ring, minmay_temple_entry_fiery
D:7:      kennysheep_housing_project, layout_basic, grunt_decor_arrowhead,
          nicolae_elemental_shop
D:8:      layout_gridville, nicolae_ashenzari_skybound, uniq_erica
D:9:      layout_long_grid, chequers_temple_overflow_minitemple, dk_vineyard_3
D:10:     layout_stronghold, grunt_lair_entry_orc_guard_hut,
          minmay_orc_entry_guard_dogs
D:11:     layout_long_grid
D:12:     layout_roguey, enter_trove_6
D:13:     layout_roguey, uniq_rupert
D:14:     layout_irregular_city, grunt_vaults_entry_fortified,
          chequers_serial_rivers_room_b
Temple:   grunt_temple_mini_profane
Lair:1:   layout_misc_corridors
Lair:2:   layout_chaotic_city, minmay_swamp_entry_worms, basic_altar
Lair:3:   layout_loops_ring, nicolae_spider_entry_non_spiders,
          portal_ice_cave_entry_ice_simulacra, serial_bayou_pond_c,
          grunt_megastairs_1
Orc:1:    layout_diamond_mine, uniq_snorg

Skill      XL: |  1  2  3  4  5  6  7  8  9 10 11 12 13 |
---------------+----------------------------------------+-----
Stealth        | 3 4 5 |  5.0
Poison Magic   | 4 5 6 7 8 9 11 12 13 14 | 14.6
Fighting       | 1 2 3 4 5 6 8 9 10 11 | 11.6
Conjurations   | 1 2 4 5 |  5.0
Dodging        | 3 5 6 8 9 10 11 | 11.5
Transmutations | 3 5 |  5.5
Fire Magic     | 1 5 |  5.0
Spellcasting   | 4 5 |  5.0

Action                   |  1- 3 |  4- 6 |  7- 9 | 10-12 | 13-15 || total
-------------------------+-------+-------+-------+-------+-------++-------
Melee: Dagger            |   326 |    58 |     7 |       |    31 ||   422
       Constrict         |    13 |    20 |    34 |    23 |     8 ||    98
       Unarmed           |     2 |       |       |       |       ||     2
       Tentacles         |   119 |    14 |    55 |    58 |    16 ||   262
       Punch             |     6 |     2 |     2 |     5 |     3 ||    18
       Flail             |       |    11 |       |       |       ||    11
       Short sword       |       |       |   163 |    52 |       ||   215
       Whip              |       |       |       |   148 |    31 ||   179
 Cast: Sting             |    31 |    40 |    25 |    40 |    14 ||   150
       Poisonous Vapours |    24 |    61 |   102 |   129 |    40 ||   356
       Mephitic Cloud    |       |     4 |    13 |    69 |    31 ||   117
       Olgreb's Toxic Ra |       |       |    21 |    83 |    16 ||   120
       Scorch            |       |       |       |    59 |     4 ||    63
       Foxfire           |       |       |       |       |     6 ||     6
Invok: Call Merchant     |       |       |       |     2 |       ||     2
Evoke: Wand              |       |       |       |     1 |       ||     1
  Use: Scroll            |     4 |     3 |     8 |    13 |     7 ||    35
       Potion            |       |     1 |     1 |     7 |     1 ||    10
 Stab: Sleeping          |     2 |     4 |    15 |     1 |     1 ||    23
       Confused          |       |       |     1 |     8 |     3 ||    12
       Distracted        |       |       |       |     1 |     1 ||     2
Armor: Skin              |     2 |    11 |     8 |     5 |     2 ||    28
Dodge: Dodged            |    29 |    50 |   121 |   211 |    81 ||   492
